 Dungeon Crawl Stone Soup version 0.26.0-18-gc5c842f807 (webtiles) character file.

Game seed: 8106381576958063747

640 thiole the Sneak (level 7, -6/41 HPs)
             Began as an Octopode Hedge Wizard on Jan 23, 2021.
             Killed by divine providence
             ... invoked by an orc priest
              (16 damage)
             ... on level 4 of the Dungeon.
             The game lasted 00:08:03 (6250 turns).

thiole the Sneak (Octopode Hedge Wizard)            Turns: 6250, Time: 00:08:04

Health: -6/41      AC:  1    Str: 10    XL:     7   Next: 51%
Magic:  10/13      EV: 13    Int: 18    God:
Gold:   202        SH:  0    Dex: 11    Spells: 6/14 levels left

rFire    . . .     SeeInvis .   d - +2 dagger (flame)
rCold    . . .     Faith    .   (no shield)
rNeg     . . .     Spirit   .   b - +0 hat
rPois    .         Reflect  .   (no amulet)
rElec    .         Harm     .   (no ring)
rCorr    .         Rampage  .   h - ring of stealth
Will     .....                  (no ring)
Stlth    +++++.....             (no ring)
HPRegen  0.13/turn              (no ring)
MPRegen  0.13/turn              (no ring)
                                (no ring)
                                (no ring)

@: no status effects
A: almost no armour, stealthy swim, amphibious, 8 rings, constrict 8, camouflage
1, gelatinous body 1
a: no special abilities


You were on level 4 of the Dungeon.
You visited 1 branch of the dungeon, and saw 4 of its levels.
You also visited: Sewer.

You collected 202 gold pieces.

Inventory:

Hand Weapons
 d - a +2 dagger of flaming (weapon)
Armour
 b - a +0 hat (worn)
Jewellery
 h - a ring of stealth (right tentacle)
 p - an uncursed ring of stealth
Wands
 a - a wand of polymorph (8)
Scrolls
 e - 6 scrolls of teleportation
 g - a scroll of enchant weapon {unknown}
 j - 6 scrolls of identify
 k - 3 scrolls of blinking {unknown}
 l - 3 scrolls of enchant armour {unknown}
 n - a scroll of random uselessness {unknown}
 r - 2 scrolls of amnesia {unknown}
Potions
 c - a potion of degeneration {unknown}
 f - a potion of haste {unknown}
 i - a potion of flight {unknown}
 m - 2 potions of mutation {unknown}
 o - a potion of invisibility {unknown}
 q - 2 potions of curing
 s - a potion of lignification {unknown}
 t - a potion of cancellation {unknown}
 u - a potion of might
 v - a potion of ambrosia {unknown}


   Skills:
 - Level 2.0 Dodging
 + Level 5.4 Stealth
 + Level 4.3 Spellcasting
 - Level 4.0 Conjurations
 - Level 2.0 Summonings
 - Level 1.0 Translocations
 * Level 4.2 Air Magic


You had 6 spell levels left.
You knew the following spells:

 Your Spells              Type           Power        Failure   Level
a - Magic Dart            Conj           72%          2%          1
b - Call Imp              Summ           11%          10%         2
c - Slow                  Hex            3%           22%         2
d - Mephitic Cloud        Conj/Pois/Air  13%          14%         3

Your spell library contained the following spells:

 Spells                   Type           Power        Failure   Level
 Blink                    Tloc           N/A          14%         2
 Conjure Flame            Conj/Fire      11%          19%         3


Dungeon Overview and Level Annotations

Branches:
Dungeon (4/15)              Sewer (visited)
 Temple: D:4-7

Altars:
Ashenzari
Trog
Uskayaw


Innate Abilities, Weirdness & Mutations

You cannot wear most types of armour.
You are very stealthy in the water. (Stealth+)
You are amphibious.
You can wear up to eight rings at the same time.
You can use your tentacles to constrict eight enemies at once.
Your skin changes colour to match your surroundings (Stealth+).
Your rubbery body absorbs attacks. (AC +1, EV +1)


Message History

The orc is heavily wounded.
The orc hits you but does no damage.
Your white imp hits the orc.
Your white imp freezes the orc.
You closely miss the orc. You grab the orc.
The orc is almost dead.
You constrict the orc.
You kill the orc!
You swap places.
Things that are here:
a +0 dagger; a +0 robe; an orc corpse You start resting.
An orc priest is nearby!
The orc priest invokes the aid of Beogh against you.
Beogh smites you!
* * * LOW HITPOINT WARNING * * *
You hear a shout!
There is an open door here.
The orc priest calls down the wrath of Beogh upon you.
Beogh smites you!
You die...

# #o #.############
+.#..........#
#....@.......# # ##
#............## . ###.
#.#..55.....>.. .### ...#+
#.#............ ....###..#
#.........>....
#..##.##.###..............
#.#.)o)..##..............
#...#'#o..o..............
#..##.#####..............


You could see an orc priest, a friendly white imp (summoned) and a friendly
shadow imp (summoned).

Vanquished Creatures
  2 big kobolds (Sewer)
  2 orc priests (D:3)
  11 adders
  3 river rats (Sewer)
  5 oozes
  8 worms
  3 leopard geckos
  6 orcs
  4 ball pythons
  7 giant cockroaches
  9 goblins
  10 hobgoblins
  8 kobolds
  2 quokkas (D:2)
  6 bats
  4 frilled lizards
  A quokka skeleton (D:4)
  8 rats
99 creatures vanquished.

Vanquished Creatures (collateral kills)
  3 big kobolds (Sewer)
  The ghost of casanoah the Gusty, an amateur TeAE (D:3)
  An orc wizard (D:4)
5 creatures vanquished.

Grand Total: 104 creatures vanquished

Notes
Turn   | Place    | Note
-------+----------+-------------------------------------------
     0 | D:1      | thiole the Octopode Hedge Wizard began the quest for the
                  | Orb.
     0 | D:1      | Reached XP level 1. HP: 11/11 MP: 4/4
   280 | D:1      | Reached XP level 2. HP: 14/17 MP: 0/6
   624 | D:1      | Reached skill level 3 in Stealth
  1237 | D:2      | Reached XP level 3. HP: 12/21 MP: 1/7
  1517 | D:2      | Learned a level 2 spell: Call Imp
  1520 | D:2      | Learned a level 2 spell: Slow
  1524 | D:2      | Learned a level 3 spell: Mephitic Cloud
  2077 | D:2      | Found a broken altar of Ashenzari.
  2097 | D:2      | Found a hide-covered altar of Uskayaw.
  2551 | D:2      | Reached XP level 4. HP: 27/27 MP: 3/8
  2663 | D:3      | Found a runed translucent gate.
  2664 | D:3      | Found a runed translucent gate.
  2664 | D:3      | Found a runed translucent gate.
  2672 | D:3      | Reached skill level 1 in Air Magic
  2681 | D:3      | Reached XP level 5. HP: 7/31 MP: 10/10
  2829 | D:3      | Found a glowing drain.
  2865 | Sewer    | Entered a sewer
  3212 | Sewer    | Reached skill level 4 in Stealth
  3386 | Sewer    | Noticed a big kobold
  3404 | Sewer    | Killed a big kobold
  3405 | Sewer    | Reached XP level 6. HP: 29/36 MP: 4/11
  4600 | Sewer    | Reached XP level 7. HP: 41/41 MP: 8/13
  4860 | Sewer    | Reached skill level 5 in Stealth
  5264 | D:3      | Found a bloodstained altar of Trog.
  5593 | D:3      | Noticed casanoah's ghost (amateur TeAE)
  5651 | D:3      | Killed casanoah's ghost
  6250 | D:4      | Killed from afar by an orc priest

Illustrated notes

Levels and vault maps discovered:
D:1:      dpeg_arrival_rooms_c, layout_loops_corners
D:2:      layout_loops_ring, ashenzari_conservatory_becter, old_standard_altar,
          minmay_goblin_kobold_house
D:3:      layout_basic, lightli_temple_of_fire, ebering_ghost_rock_garden,
          gup_sewer_entry_glass, minmay_joined_circles
D:4:      layout_rooms, enter_ossuary_5, minmay_pentangle

Skill      XL: |  1  2  3  4  5  6  7 |
---------------+----------------------+-----
Stealth        | 3 4 5 |  5.4
Conjurations   | 2 3 4 |  4.0
Summonings     | 2 |  2.0
Air Magic      | 1 2 3 4 |  4.2
Spellcasting   | 4 |  4.3
Dodging        | |  2.0
Translocations | |  1.0

Action                   |  1- 3 |  4- 6 |  7- 9 || total
-------------------------+-------+-------+-------++-------
Melee: Dagger            |    40 |    47 |    32 ||   119
       Constrict         |     8 |    15 |     6 ||    29
       Tentacles         |     4 |     8 |     1 ||    13
 Cast: Magic Dart        |    78 |   104 |    55 ||   237
       Call Imp          |       |     2 |    10 ||    12
  Use: Scroll            |     2 |     2 |       ||     4
       Potion            |       |     3 |       ||     3
 Stab: Sleeping          |       |     2 |       ||     2
       Distracted        |       |       |     1 ||     1
Armor: Skin              |     2 |     3 |     4 ||     9
Dodge: Dodged            |    21 |    45 |    18 ||    84
